 Dungeon Sprint DCSS version 0.26-a0-649-gf8c6c3aab7 (webtiles) character file.

Game seed: 1987572036217796673

3504 Conn the Thaumaturge (level 10, -1/59 HPs)
             Began as an Octopode Hedge Wizard on Sept 27, 2020.
             Was a Believer of Sif Muna.
             Splashed by an oklob plant's acid (17 damage)
             ... in the Dungeon (Sprint I: "Red Sonja").
             The game lasted 00:20:55 (2599 turns).

Conn the Thaumaturge (Octopode Hedge Wizard)        Turns: 2599, Time: 00:20:55

Health: -1/59      AC:  1    Str:  9    XL:     10   Next: 7%
Magic:  26/26      EV: 16    Int: 23    God:    Sif Muna [**....]
Gold:   223        SH:  0    Dex: 17    Spells: 22/33 levels left

rFire    + . .     SeeInvis .   j - +0 short sword (distort)
rCold    . . .     Faith    .   (no shield)
rNeg     . . .     Spirit   .   b - +0 hat
rPois    .         Reflect  .   (no amulet)
rElec    .         Harm     .   m - ring of Yrreshoa {+Fly rF+ Int+4 Dex+4}
rCorr    .         Rampage  .   (no ring)
MR       .....     NoTele   +   (no ring)
Stlth    +++++.....             (no ring)
HPRegen  0.19/turn              (no ring)
MPRegen  0.20/turn              (no ring)
                                (no ring)
                                (no ring)

@: no status effects
A: almost no armour, stealthy swim, amphibious, 8 rings, constrict 8, camouflage
1, gelatinous body 1
a: Channel Magic, Renounce Religion, Evoke Flight


You were in the Dungeon.
You worshipped Sif Muna.
Sif Muna was pleased with you.
You visited 1 branch You collected 951 gold pieces.
You spent 728 gold pieces at shops.

Inventory:

Hand Weapons
 a - a +0 dagger
 j - a +0 short sword of distortion (weapon)
Missiles
 k - 8 curare-tipped darts (quivered)
 n - 29 sling bullets
Armour
 b - a +0 hat (worn)
Jewellery
 m - the ring of Yrreshoa (left tentacle) {+Fly rF+ Int+4 Dex+4}
   (You acquired it in the Dungeon)

   [ring of flight]

   It affects your intelligence (+4).
   It affects your dexterity (+4).
   It protects you from fire.
   It lets you fly.
Scrolls
 h - a scroll of enchant armour {unknown}
 i - a scroll of blinking
 l - 2 scrolls of identify
Potions
 c - a potion of flight
 d - 3 potions of curing
 e - a potion of mutation
 f - a potion of haste
 g - 2 potions of magic


   Skills:
 + Level 1.6 Fighting
 + Level 2.7 Short Blades
 + Level 4.8 Throwing
 + Level 5.1 Dodging
 - Level 8.1 Stealth
 + Level 12.0 Spellcasting
 * Level 8.9 Conjurations
 + Level 7.0 Summonings
 - Level 6.6 Translocations
 + Level 7.0 Fire Magic
 - Level 6.6 Air Magic
 - Level 4.1 Poison Magic


You had 22 spell levels left.
You knew the following spells:

 Your Spells              Type           Power        Failure   Level
a - Magic Dart            Conj           ####         1%          1
b - Blink                 Tloc           N/A          1%          2
c - Call Imp              Summ           #####...     1%          2
d - Conjure Flame         Conj/Fire      ######..     1%          3
e - Mephitic Cloud        Conj/Pois/Air  #####...     1%          3

Your spell library contained the following spells:

 Spells                   Type           Power        Failure   Level
 Slow                     Hex            ##......     7%          2


Dungeon Overview and Level Annotations

Branches:
Dungeon (1/1)

Altars:
Cheibriados
Dithmenos
Elyvilon
Fedhas
Gozag
Hepliaklqana
Kikubaaqudgha
Makhleb
Nemelex Xobeh
Okawaru
Qazlal
Ru
Sif Muna
Trog
Uskayaw
Vehumet
Wu Jian
Xom
Yredelemnul
Zin
The Shining One
Jiyva
Lugonu

Shops:
D }?[


Innate Abilities, Weirdness & Mutations

You cannot wear most types of armour.
You are very stealthy in the water. (Stealth+)
You are amphibious.
You can wear up to eight rings at the same time.
You can use your tentacles to constrict eight enemies at once.
Your skin changes colour to match your surroundings (Stealth+).
Your rubbery body absorbs attacks. (AC +1, EV +1)


Message History

e - a potion of mutation Marking area around an oklob plant as unsafe for travelling.
Okay, then.
Unknown command.
Unknown command.
Unknown command.
Unknown command.
Unknown command.
Okay, then.
You hear a spitting sound.
A splash of acid appears from out of thin air!
The splash of acid hits you!
You are splashed with acid!
Marking area around an oklob plant as unsafe for travelling.
There is an open door here.
You hear a spitting sound.
A splash of acid appears from out of thin air!
The splash of acid hits you!
* * * LOW HITPOINT WARNING * * *
You are splashed with acid!
You die...

####################
5..#.)'.(#__#..')..#
#..'..#..'..'..#...#
##'#####(#__####...+
#..#...#)####§.#####
####..##(#§≈§.§#§.#
___##'#_.'§§≈§§§§.#
∩...'..._#§§§§§#@§#
.__##_.#'##§#####'#
___###'#.#.[.(###{+
######.####'###.###
....'...'.....'.∩#
+####...##########
###.### #.#'#.#
#.....#


There were no monsters in sight!

Vanquished Creatures
  2 centaur warriors (D)
  Sonja (D)
  A deep troll (D)
  A kobold demonologist (D)
  Sigmund (D)
  A yak (D)
  A floating eye (D)
  Ijyb (D)
  A ballistomycete spore (D)
10 creatures vanquished.

Vanquished Creatures (collateral kills)
  A slime creature (D)
  An ogre (D)
  A jelly (D)
3 creatures vanquished.

Vanquished Creatures (others)
  A gargoyle (D)
  A ballistomycete spore (D)
2 creatures vanquished.

Grand Total: 15 creatures vanquished

Notes
Turn   | Place    | Note
-------+----------+-------------------------------------------
     0 | D        | Conn the Octopode Hedge Wizard began the quest for the Orb.
     0 | D        | Reached XP level 1. HP: 11/11 MP: 4/4
     1 | D        | Noticed Ijyb
    13 | D        | Killed Ijyb
    13 | D        | Reached skill level 5 in Spellcasting
    13 | D        | Reached XP level 2. HP: 17/17 MP: 5/8
    13 | D        | Reached XP level 3. HP: 21/21 MP: 5/9
    68 | D        | Learned a level 2 spell: Blink
    71 | D        | Learned a level 2 spell: Call Imp
    75 | D        | Learned a level 3 spell: Conjure Flame
    79 | D        | Learned a level 3 spell: Mephitic Cloud
    79 | D        | Noticed an ogre
   101 | D        | Killed an ogre
   101 | D        | Reached skill level 6 in Spellcasting
   101 | D        | Reached skill level 1 in Fire Magic
   101 | D        | Reached skill level 1 in Air Magic
   101 | D        | Reached skill level 1 in Poison Magic
   101 | D        | Reached XP level 4. HP: 27/27 MP: 0/12
   207 | D        | Noticed Sigmund
   217 | D        | Killed Sigmund
   217 | D        | Reached skill level 5 in Stealth
   217 | D        | Reached skill level 7 in Spellcasting
   217 | D        | Reached XP level 5. HP: 31/31 MP: 8/14
   268 | D        | Found a shimmering blue altar of Sif Muna.
   269 | D        | Found an ornate altar of the Wu Jian Council.
   270 | D        | Found a radiant altar of Vehumet.
   280 | D        | Reached XP level 6. HP: 24/36 MP: 12/16
   407 | D        | Found Wor Bich's Magic Scroll Emporium.
   407 | D        | Found an ancient bone altar of Kikubaaqudgha.
   407 | D        | Found a hazy altar of Hepliaklqana.
   407 | D        | Found a stormy altar of Qazlal.
   407 | D        | Found a hide-covered altar of Uskayaw.
   407 | D        | Found a blossoming altar of Fedhas.
   407 | D        | Found a bloodstained altar of Trog.
   407 | D        | Found an iron altar of Okawaru.
   407 | D        | Found a basalt altar of Yredelemnul.
   407 | D        | Found a glowing golden altar of the Shining One.
   407 | D        | Found a snail-covered altar of Cheibriados.
   407 | D        | Found a sacrificial altar of Ru.
   407 | D        | Found a glowing silver altar of Zin.
   407 | D        | Found a shadowy altar of Dithmenos.
   407 | D        | Found a white marble altar of Elyvilon.
   407 | D        | Noticed a yak
   408 | D        | Found an opulent altar of Gozag.
   410 | D        | Found a sparkling altar of Nemelex Xobeh.
   459 | D        | Killed a yak
   459 | D        | Reached skill level 1 in Short Blades
   459 | D        | Reached skill level 8 in Spellcasting
   551 | D        | Killed a gargoyle
   722 | D        | Became a worshipper of Sif Muna the Loreminder
   738 | D        | Noticed Sonja
   754 | D        | Killed Sonja
   754 | D        | Reached skill level 9 in Spellcasting
   754 | D        | Reached skill level 5 in Conjurations
   754 | D        | Reached skill level 5 in Translocations
   754 | D        | Reached skill level 5 in Fire Magic
   754 | D        | Reached skill level 5 in Air Magic
   754 | D        | Reached XP level 7. HP: 41/41 MP: 1/19
   754 | D        | Reached XP level 8. HP: 46/46 MP: 1/21
   914 | D        | Found Adutha's Gadget Boutique.
   934 | D        | Noticed a deep troll
  1000 | D        | Found Fiuwamud's Armour Emporium.
  1006 | D        | Killed a deep troll
  1006 | D        | Reached skill level 1 in Throwing
  1006 | D        | Reached skill level 5 in Summonings
  1194 | D        | Bought a scroll of acquirement for 728 gold pieces
  1196 | D        | Acquired the ring of Yrreshoa {+Fly rF+ Int+4 Dex+4}
  1210 | D        | Found a burning altar of Makhleb.
  1210 | D        | Found a viscous altar of Jiyva.
  1210 | D        | Found a shimmering altar of Xom.
  1210 | D        | Found a corrupted altar of Lugonu.
  1210 | D        | Noticed a slime creature
  1239 | D        | Killed a slime creature
  1239 | D        | Reached * piety under Sif Muna
  1377 | D        | Noticed a centaur warrior
  1386 | D        | Noticed a centaur warrior
  1409 | D        | Killed a centaur warrior
  1409 | D        | Reached skill level 1 in Fighting
  1409 | D        | Reached skill level 10 in Spellcasting
  1409 | D        | Reached XP level 9. HP: 25/53 MP: 3/23
  1415 | D        | Killed a centaur warrior
  1415 | D        | Reached skill level 5 in Dodging
  1415 | D        | Reached skill level 11 in Spellcasting
  1588 | D        | Noticed a hornet
  1591 | D        | Banished a hornet
  1632 | D        | Noticed an oklob plant
  1840 | D        | Noticed a kobold demonologist
  1846 | D        | Paralysed by a floating eye for 2 turns
  1852 | D        | Reached ** piety under Sif Muna
  1856 | D        | Noticed a kobold demonologist
  1864 | D        | Banished a kobold demonologist
  1864 | D        | Reached XP level 10. HP: 59/59 MP: 16/25
  1866 | D        | Killed a kobold demonologist
  1866 | D        | Reached skill level 12 in Spellcasting
  2599 | D        | Splashed by an oklob plant's acid

Illustrated notes

Levels and vault maps discovered:
D:        dungeon_sprint_1 [red_sonja_temple_1, red_sonja_temple_small_1]

Skill      XL: |  1  2  3  4  5  6  7  8  9 10 |
---------------+-------------------------------+-----
Stealth        | 3 4 5 7 8 |  8.1
Spellcasting   | 5 6 7 9 10 11 12 | 12.0
Dodging        | 3 4 5 |  5.1
Fire Magic     | 1 3 5 6 7 |  7.0
Air Magic      | 1 3 5 6 |  6.6
Poison Magic   | 1 3 4 |  4.1
Conjurations   | 3 5 7 8 |  8.9
Summonings     | 2 4 5 6 7 |  7.0
Translocations | 3 5 6 |  6.6
Short Blades   | 2 |  2.7
Throwing       | 2 4 |  4.8
Fighting       | 1 |  1.6

Action                   |  1- 3 |  4- 6 |  7- 9 | 10-12 || total
-------------------------+-------+-------+-------+-------++-------
Melee: Dagger            |     8 |    19 |       |       ||    27
       Tentacles         |     1 |     2 |     3 |       ||     6
       Constrict         |     1 |     1 |     2 |       ||     4
       Short sword       |       |       |     6 |       ||     6
Throw: Dart              |       |       |    16 |       ||    16
 Cast: Call Imp          |     7 |     2 |    10 |       ||    19
       Blink             |     1 |     3 |     5 |       ||     9
       Mephitic Cloud    |       |     6 |    16 |       ||    22
       Magic Dart        |       |    12 |     8 |     2 ||    22
       Conjure Flame     |       |     2 |     4 |       ||     6
Evoke: Wand              |       |       |       |    17 ||    17
  Use: Potion            |     2 |       |     1 |       ||     3
       Scroll            |       |       |     1 |     2 ||     3
 Stab: Sleeping          |     1 |     1 |       |       ||     2
       Confused          |       |     3 |     2 |       ||     5
Dodge: Dodged            |     3 |    17 |     9 |       ||    29

Table legend: (Time is in decaauts)
 A = Elapsed time spent in this place.
 B = Non-inter-level travel time spent in this place.
 C = Inter-level travel time spent in this place.
 D = Time resting spent in this place.
 E = Time spent auto-exploring this place.
 F = Levels seen in this place.
 G = Mean time per level.
                   A        B        C        D        E       F      G
               +--------+--------+--------+--------+--------+-----+--------+
         Total |   2609 |   2609 |      0 |   1786 |      0 |   1 | 2609.0 |
       Dungeon |   2609 |   2609 |      0 |   1786 |      0 |   1 | 2609.0 |
               +--------+--------+--------+--------+--------+-----+--------+

Top non-repeatable levels by time:
       D: 2609 daAuts
